 Dungeon Crawl Stone Soup version 0.20.0-8-g6b59dc7 (webtiles) character file.

1124 Chiseanne the Magician (level 8, -1/54 HPs)
             Began as a Demonspawn Wizard on May 30, 2017.
             Slain by an orc warrior
             ... wielding a +0 short sword
              (14 damage)
             ... on level 5 of the Dungeon.
             The game lasted 00:12:46 (6478 turns).

Chiseanne the Magician (Demonspawn Wizard)          Turns: 6478, Time: 00:12:47

Health: -1/54      AC: 11    Str:  9      XL:     8   Next: 13%
Magic:  0/18       EV:  1    Int: 22      God:
Gold:   28         SH:  6    Dex:  9 (12) Spells: 7/20 levels left

rFire    . . .     SeeInvis .   a - +1 short sword
rCold    + . .     Gourm    .   G - +0 shield
rNeg     + . .     Faith    +   H - +1 chain mail {rN+}
rPois    .         Spirit   +   (helmet restricted)
rElec    .         Reflect  .   t - scarf {Spirit}
rCorr    .         Harm     .   b - +0 pair of gloves
MR       .....                  c - +0 pair of boots
Stlth    ..........             B - amulet of faith
Regen    0.2/turn               k - ring of protection from cold
MPRegen  0.2/turn               (no ring)

@: very slightly contaminated
A: antennae 2, hooves 1, blink, spiny 3, strong 1
a: Blink


You were on level 5 of the Dungeon.
You were very hungry.

You visited 1 branch of the dungeon, and saw 6 of its levels.

You collected 175 gold pieces.
You spent 147 gold pieces at shops.

Inventory:

Hand Weapons
 a - a +1 short sword (weapon)
 w - a +1 blowgun
Missiles
 e - 24 bolts
 g - 33 sling bullets
 p - 55 poisoned needles
 r - 71 stones (quivered)
 u - 62 arrows
 v - 3 javelins
Armour
 b - a +0 pair of gloves (worn)
 c - a +0 pair of boots (worn)
 t - a scarf of spirit shield (worn)
 y - a cursed +1 helmet
 G - a +0 shield (worn)
 H - a +1 chain mail of positive energy (worn)
Jewellery
 k - a ring of protection from cold (left hand)
 B - an amulet of faith (around neck)
Scrolls
 f - 2 scrolls of enchant armour
 n - a scroll of remove curse
 A - a scroll of blinking
 E - a scroll of teleportation
Potions
 j - 2 potions of curing
 m - 2 potions of brilliance
 o - a potion of lignification
 s - 2 potions of resistance
 z - a potion of haste {unknown}
 D - a potion of flight
 F - 2 potions of invisibility {unknown}
Books
 C - Vehumet's Volume of Confrontation
   (You found it on level 5 of the Dungeon)

   Spells                             Type                      Level
   a - Throw Frost                    Conjuration/Ice              2
   b - Iskenderun's Mystic Blast      Conjuration                  4
   c - Lightning Bolt                 Conjuration/Air              5
Comestibles
 d - 6 bread rations
 h - 2 meat rations


   Skills:
 * Level 1.1 Fighting
 * Level 1.0 Armour
 - Level 1.7 Dodging
 - Level 1.7 Stealth
 * Level 1.0 Shields
 - Level 6.6 Spellcasting
 - Level 6.6 Conjurations
   Level 1.0 Summonings
 - Level 0.8 Translocations


You had 7 spell levels left.
You knew the following spells:

 Your Spells              Type           Power        Failure   Level  Hunger
a - Magic Dart            Conj           ####         99%         1    None
b - Iskenderun's Mystic   Conj           #####...     100%        4    ###....
c - Conjure Flame         Conj/Fire      ###.....     100%        3    #......
d - Mephitic Cloud        Conj/Pois/Air  ###.....     100%        3    #......
e - Blink                 Tloc           N/A          100%        2    None


Dungeon Overview and Level Annotations

Branches:
Dungeon (6/15)
 Temple: D:4-7

Altars:
Cheibriados
Nemelex Xobeh
Sif Muna
Xom
The Shining One

Shops:
D:4 ?   D:5 !


Innate Abilities, Weirdness & Mutations

You have large cloven feet.
You are completely covered in sharp spines.
You have a pair of antennae on your head.
You can translocate small distances at will.
Your muscles are strong. (Str +2)


Message History

The orc warrior hits you with a short sword!
* * * LOW HITPOINT WARNING * * *
You feel better.
The orc warrior hits you but does no damage.
You feel better. You block the orc warrior's attack.
You hit the orc warrior.
The orc warrior is almost dead.
The orc warrior hits you with a short sword!
* * * LOW HITPOINT WARNING * * *
You feel better.
The orc warrior is struck by your spines.
The orc warrior hits you with a short sword.
* * * LOW HITPOINT WARNING * * *
It was a potion of mutation.
You feel extremely strange.
You feel jittery. A pair of antennae grows on your head!
Your cursed +1 helmet falls away!
You feel stronger.
The antennae on your head grow some more.
The orc warrior hits you with a short sword!
You die...

##.........## #........###
####...)[....## .....#.#......##
.....####......## ####..#
#.......## #..####.......##
##..#.........)# ##
##.........†@.##
.#####.........o.).## ###
.....#....<.........## ##.#
.....................### ###.##
##.....................#####...#
###....................##.....#
##..........................#
#..............#######......#
###............# ##.....##


You could see an orc warrior.

Vanquished Creatures
  A hornet zombie (D:5)
  An ogre (D:3)
  2 centaurs (D:5)
  2 crimson imps (D:5)
  A bullfrog zombie (D:5)
  3 orc priests (D:5)
  3 hounds (D:5)
  A quasit (D:5)
  An orc wizard (D:5)
  A bullfrog skeleton (D:5)
  An iguana (D:4)
  7 worker ants
  A hound skeleton (D:4)
  A mummy (D:6)
  A howler monkey skeleton (D:5)
  8 adders
  2 shadow imps (D:5)
  An ooze (D:1)
  An adder zombie (D:5)
  2 adder skeletons (D:4)
  The ghost of EmperorYongle the Charmwright, a weakling MfSk (D:5)
  A dart slug (D:1)
  5 leopard geckos
  11 orcs
  3 ball pythons
  4 giant cockroaches
  8 hobgoblins
  6 jackals
  2 quokkas
  A ball python skeleton (D:4)
  4 bats
  3 frilled lizards
  A giant cockroach zombie (D:5)
  7 goblins
  7 kobolds
  A quokka skeleton (D:4)
  4 rats
110 creatures vanquished.

Notes
Turn   | Place    | Note
-------+----------+-------------------------------------------
     0 | D:1      | Chiseanne the Demonspawn Wizard began the quest for the Orb.
     0 | D:1      | Reached XP level 1. HP: 13/13 MP: 4/4
   345 | D:1      | Gained mutation: You are partially covered in sharp spines. [demonic ancestry]
   345 | D:1      | Reached XP level 2. HP: 19/19 MP: 1/6
  1708 | D:2      | Gained mutation: You are mostly covered in sharp spines. [demonic ancestry]
  1708 | D:2      | Reached XP level 3. HP: 24/24 MP: 5/8
  2646 | D:3      | Found a glowing golden altar of the Shining One.
  2646 | D:3      | Found a sparkling altar of Nemelex Xobeh.
  2646 | D:3      | Found a shimmering altar of Xom.
  2677 | D:3      | Gained mutation: You are completely covered in sharp spines. [demonic ancestry]
  2677 | D:3      | Reached XP level 4. HP: 30/30 MP: 4/9
  3128 | D:3      | Noticed an ogre
  3141 | D:3      | Learned a level 2 spell: Blink
  3145 | D:3      | Learned a level 3 spell: Conjure Flame
  3149 | D:3      | Learned a level 3 spell: Mephitic Cloud
  3162 | D:3      | Killed an ogre
  3162 | D:3      | Reached XP level 5. HP: 35/35 MP: 1/11
  3317 | D:4      | Got a shimmering great mace
  3531 | D:4      | Identified the +1 great mace "Orb Guardian's Foe" {flame, Stlth+} (You found it on level 4 of the Dungeon)
  3544 | D:4      | Reached XP level 6. HP: 41/41 MP: 8/13
  3569 | D:4      | Reached skill level 5 in Spellcasting
  3635 | D:4      | Found Xusse's Magic Scroll Emporium.
  3661 | D:4      | Bought a scroll of identify for 24 gold pieces
  3661 | D:4      | Bought a scroll of identify for 24 gold pieces
  4333 | D:4      | Found a deep blue altar of Sif Muna.
  4512 | D:5      | Entered Level 5 of the Dungeon
  4615 | D:5      | Reached skill level 5 in Conjurations
  4896 | D:5      | Identified Vehumet's Volume of Confrontation
  4930 | D:5      | Learned a level 4 spell: Iskenderun's Mystic Blast
  4945 | D:5      | Reached XP level 7. HP: 26/46 MP: 5/15
  5384 | D:5      | Found Xuqed's Distillery.
  5392 | D:5      | Bought a potion of curing for 33 gold pieces
  5466 | D:5      | Noticed EmperorYongle's ghost (weakling MfSk)
  5471 | D:5      | Killed EmperorYongle's ghost
  6176 | D:5      | Bought a potion of flight for 33 gold pieces
  6176 | D:5      | Bought a potion of curing for 33 gold pieces
  6241 | D:6      | Found a snail-covered altar of Cheibriados.
  6330 | D:6      | Gained mutation: You have large cloven feet. [demonic ancestry]
  6330 | D:6      | Reached XP level 8. HP: 52/52 MP: 14/18
  6459 | D:5      | Reached skill level 1 in Armour
  6472 | D:5      | Reached skill level 1 in Fighting
  6472 | D:5      | Reached skill level 1 in Shields
  6478 | D:5      | Gained mutation: You can translocate small distances at will. [potion of mutation]
  6478 | D:5      | Gained mutation: You have a pair of small antennae on your head. [potion of mutation]
  6478 | D:5      | Gained mutation: Your muscles are strong. (Str +2) [potion of mutation]
  6478 | D:5      | Gained mutation: You have a pair of antennae on your head. [potion of mutation]
  6478 | D:5      | Slain by an orc warrior

Skill      XL: |  1  2  3  4  5  6  7  8 |
---------------+-------------------------+-----
Conjurations   | 2 3 4 5 6 |  6.6
Spellcasting   | 4 5 6 |  6.6
Armour         | 1 |  1.0
Fighting       | 1 |  1.1
Shields        | 1 |  1.0
Dodging        | |  1.7
Stealth        | |  1.7
Summonings     | |  1.0
Translocations | |  0.8

Action                   |  1- 3 |  4- 6 |  7- 9 || total
-------------------------+-------+-------+-------++-------
Melee: Club              |     5 |       |       ||     5
       Short sword       |     6 |    21 |    31 ||    58
 Fire: Blowgun           |       |     4 |       ||     4
 Cast: Magic Dart        |    90 |   115 |    88 ||   293
       Mephitic Cloud    |       |     2 |     1 ||     3
       Conjure Flame     |       |     1 |       ||     1
       Iskenderun's Myst |       |       |     2 ||     2
  Use: Scroll            |     6 |     8 |     2 ||    16
       Potion            |       |       |    10 ||    10
  Eat: Chunk             |     5 |     7 |     4 ||    16
Armor: Robe              |     3 |    12 |     5 ||    20
       Skin              |       |       |   128 ||   128
       Chain mail        |       |       |    20 ||    20
Dodge: Dodged            |     9 |    32 |    26 ||    67
Block: Shield            |       |       |    36 ||    36
